 Dungeon Crawl Stone Soup version 0.27.0-1-g7a089689b8 (webtiles) character file.

Game seed: 7428352041593977118

91 Sin92 the Skirmisher (level 4, -1/35 HPs)
             Began as a Demonspawn Fighter on Aug 10, 2021.
             Slain by a goblin (4 damage)
             ... on level 2 of the Dungeon.
             The game lasted 00:01:32 (1267 turns).

Sin92 the Skirmisher (Demonspawn Fighter)           Turns: 1267, Time: 00:01:32

Health: -1/35      AC:  9    Str: 16 (17) XL:     4   Next: 33%
Magic:  4/4        EV:  4    Int:  9      God:
Gold:   50         SH:  8    Dex: 12 (13) Spells: 3/3 levels left

rFire    . . .     SeeInvis .   a - +0 war axe
rCold    . . .     Faith    .   c - +0 kite shield
rNeg     . . .     Spirit   .   e - +0 chain mail
rPois    .         Reflect  .   (helmet restricted)
rElec    .         Harm     .   (no cloak)
rCorr    .         Rampage  .   (no gloves)
Will     .....                  (no boots)
Stlth    ..........             (no amulet)
HPRegen  0.11/turn              (no ring)
MPRegen  0.09/turn              (no ring)

@: no status effects
A: horns 1, ignite blood 1
a: no special abilities


You were on level 2 of the Dungeon.
You visited 1 branch of the dungeon, and saw 2 of its levels.

You collected 50 gold pieces.

Inventory:

Hand Weapons
 a - a +0 war axe (weapon)
Armour
 b - a +0 scale mail
 c - a +0 kite shield (worn)
 e - a +0 chain mail (worn)
Jewellery
 h - a ring of poison resistance


   Skills:
 + Level 3.4 Fighting
 * Level 2.8 Axes
 + Level 3.1 Armour
 + Level 1.1 Dodging
 + Level 3.1 Shields


You had 3 spell levels left.
You didn't know any spells.
Your spell library was empty.

Dungeon Overview and Level Annotations

Branches:
Dungeon (2/15)

Altars:

Shops:
D:1 (


Innate Abilities, Weirdness & Mutations

You have a pair of small horns on your head.
Your demonic aura sometimes causes spilled blood to erupt in flames.


Message History

You hit Ijyb but do no damage. Your headbutt misses Ijyb.
Ijyb is moderately wounded.
You hit the goblin.
You kill the goblin!
Ijyb zaps a wand.
You resist with significant effort.
The now-empty wand crumbles to dust.
The goblin hits you but does no damage. Ijyb hits you but does no damage.
You slash Ijyb!
Ijyb is heavily wounded.
You barely miss the goblin. You block the goblin's attack.
You block Ijyb's attack. The goblin hits you but does no damage.
Ijyb hits you with a +0 club.
* * * LOW HITPOINT WARNING * * *
Unknown command.
You hit Ijyb but do no damage. You headbutt Ijyb.
Ijyb is severely wounded.
You hit the goblin.
You kill the goblin!
Ijyb hits you with a +0 club.
* * * LOW HITPOINT WARNING * * *
Unknown command.
You closely miss Ijyb. You headbutt Ijyb.
Ijyb is almost dead.
You barely miss the goblin. You block the goblin's attack.
Ijyb hits you but does no damage. The goblin hits you but does no damage.
Ijyb hits you but does no damage.
Unknown command.
You closely miss Ijyb. You headbutt Ijyb.
You kill Ijyb!
You hit the goblin but do no damage. The goblin hits you but does no damage.
You feel your intelligence returning.
You have reached level 4!
You feel agile.
Your demonic ancestry asserts itself...
Your blood heats up.
You closely miss the goblin. You slash the goblin!
You kill the goblin!
You block the goblin's attack. The goblin barely misses you.
You miss the goblin.
The goblin hits you with a +2 dagger of holy wrath.
You die...

#########
#.8.8/8.8
#........
#[.......
#........
#$.......
#g)......
#@8.8.8.8
#########


You could see a goblin.

Vanquished Creatures
  Ijyb (D:2)
  Robin (D:2)
  6 endoplasms
  A giant cockroach (D:1)
  17 goblins
  3 hobgoblins (D:2)
  3 kobolds (D:1)
  5 ball pythons
  7 bats (D:1)
  2 frilled lizards (D:1)
  4 rats (D:1)
50 creatures vanquished.

Notes
Turn   | Place    | Note
-------+----------+-------------------------------------------
     0 | D:1      | Sin92 the Demonspawn Fighter began the quest for the Orb.
     0 | D:1      | Reached XP level 1. HP: 18/18 MP: 1/1
   136 | D:1      | Gained mutation: You have a pair of small horns on your
                  | head. [demonic ancestry]
   136 | D:1      | Reached XP level 2. HP: 23/24 MP: 2/2
   691 | D:1      | Found Ushritowk's Antique Weapon Emporium.
   830 | D:1      | Reached XP level 3. HP: 29/29 MP: 3/3
  1178 | D:2      | Noticed Robin
  1192 | D:2      | Killed Robin
  1242 | D:2      | Reached skill level 1 in Dodging
  1252 | D:2      | Noticed Ijyb
  1255 | D:2      | Paralysed by Ijyb for 2 turns
  1265 | D:2      | Killed Ijyb
  1266 | D:2      | Gained mutation: Your demonic aura sometimes causes spilled
                  | blood to erupt in flames. [demonic ancestry]
  1266 | D:2      | Reached XP level 4. HP: 3/35 MP: 4/4
  1267 | D:2      | Slain by a goblin

Illustrated notes

Levels and vault maps discovered:
D:1:      dpeg_arrival_subterranean_lakeside_camping, layout_loops_corners,
          serial_shops, shop
D:2:      kennysheep_the_goblin_king, layout_loops_ring, basic_altar,
          shapermc_ecumenical_altar_pompeii, uniq_robin

Skill      XL: |  1  2  3 |
---------------+----------+-----
Axes           | 2 |  2.8
Armour         | 3 |  3.1
Shields        | 3 |  3.1
Dodging        | 1 |  1.1
Fighting       | |  3.4

Action                   |  1- 3 |  4- 6 || total
-------------------------+-------+-------++-------
Melee: War axe           |    93 |     2 ||    95
       Headbutt          |    12 |       ||    12
  Use: Potion            |     3 |       ||     3
       Scroll            |     1 |       ||     1
Armor: Scale mail        |    16 |       ||    16
       Chain mail        |    52 |       ||    52
Dodge: Dodged            |    26 |     1 ||    27
Block: Kite shield       |    42 |     1 ||    43
